 Dungeon Crawl Stone Soup version 0.26.1-11-gd32895ea62 (webtiles) character file.

Game seed: 17890023559493837953

723 jlumianski the Caller (level 7, -2/28 HPs)
             Began as a Felid Summoner on June 1, 2021.
             Was a Believer of Makhleb.
             Slain by a killer bee (3 damage)
             ... on level 8 of the Dungeon.
             The game lasted 00:54:46 (10964 turns).

jlumianski the Caller (Felid Summoner)             Turns: 10964, Time: 00:54:48

Health: -2/28      AC:  2    Str:  4    XL:     7   Next: 43%
Magic:  0/18       EV: 19    Int: 18    God:    Makhleb [**....]
Gold:   533        SH:  0    Dex: 17    Spells: 10/19 levels left
                                        Lives:  0   Deaths: 2

rFire    + . .     SeeInvis +     - Unarmed
rCold    . . .     Faith    .   (shield unavailable)
rNeg     . . .     Spirit   .   (armour unavailable)
rPois    .         Reflect  .   (helmet unavailable)
rElec    .         Harm     .   (cloak unavailable)
rCorr    .         Rampage  .   (gloves unavailable)
Will     +....                  (boots unavailable)
Stlth    +++.......             (no amulet)
HPRegen  0.09/turn              b - ring of protection from fire
MPRegen  0.16/turn              (no ring)

@: lethally poisoned (-2 -> -12), quick
A: very small, no armour, no weapons or thrown items, stealth, claws 1, fangs 3,
see invisible, speed 1, shaggy fur 2, sharp paws
a: Renounce Religion, Minor Destruction


You were on level 8 of the Dungeon.
You worshipped Makhleb.
Makhleb was pleased with you.
You visited 1 branch of the dungeon, and saw 8 of its levels.

You collected 533 gold pieces.

Inventory:

Jewellery
 b - a ring of protection from fire (left paw)
 p - a cursed -4 ring of evasion
 u - a +6 ring of intelligence {unknown}
Wands
 s - a wand of digging (6)
Scrolls
 d - 10 scrolls of identify
 k - 3 scrolls of remove curse
 q - 4 scrolls of teleportation
 r - a scroll of fog
 t - a scroll of fear
Potions
 a - a potion of degeneration {unknown}
 c - a potion of flight {unknown}
 e - a potion of attraction {unknown}
 f - a potion of resistance {unknown}
 g - a potion of magic {unknown}
 h - a potion of ambrosia
 i - a potion of heal wounds
 j - 3 potions of curing
 l - a potion of haste
 m - a potion of brilliance {unknown}
 n - a potion of mutation {unknown}
 o - a potion of lignification


   Skills:
 + Level 0.6 Fighting
 + Level 3.8 Dodging
 + Level 4.0 Stealth
 + Level 1.2 Unarmed Combat
 + Level 6.7 Spellcasting
 + Level 1.0 Hexes
 + Level 7.3 Summonings


You had 10 spell levels left.
You knew the following spells:

 Your Spells              Type           Power        Failure   Level
a - Summon Small Mammal   Summ           100%         1%          1
b - Call Imp              Summ           32%          1%          2
c - Call Canine Familiar  Summ           32%          1%          3
d - Summon Guardian Gole  Hex/Summ       21%          6%          3

Your spell library contained the following spells:

 Spells                   Type           Power        Failure   Level
 Animate Skeleton         Necr           12%          11%         1
 Pain                     Necr           24%          11%         1
 Summon Ice Beast         Ice/Summ       19%          24%         4
 Summon Lightning Spire   Summ/Air       19%          24%         4
 Vampiric Draining        Necr           3%           32%         3
 Animate Dead             Necr           3%           73%         4
 Agony                    Necr           6%           97%         5


Dungeon Overview and Level Annotations

Branches:
Dungeon (8/15)             Temple (0/1) D:7
   Lair: D:8-11

Altars:
Kikubaaqudgha
Makhleb
Zin

Shops:
D:5 :   D:7 :

Annotations:
D:7 Dowan, Duvessa


Innate Abilities, Weirdness & Mutations

You cannot wear armour.
You are incapable of wielding weapons or throwing items.
Your paws allow you to move quietly. (Stealth)
You have sharp claws.
You have razor-sharp teeth.
You have supernaturally acute eyesight. (SInv)
You cover ground quickly.
You are covered in thick fur. (AC +2)
Your sharp claws are effective at attacking unaware monsters.


Message History

You feel sick. The killer bee misses you. Something misses your crimson imp.
Casting: Summon Small Mammal (safe; 1% risk of failure)
Confirm with . or Enter, or press ? or * to list all spells.
The spell is quite dangerous to cast (6% risk of failure)!
Continue anyway?
A guardian golem appears, shielding your allies.
The killer bee closely misses you. The killer bee stings you.
Your wolf misses the killer bee. The killer bee misses you.
The killer bee stings you!
* * * LOW HITPOINT WARNING * * *
You are more poisoned.
The killer bee poisons you!
Your wolf closely misses the killer bee.
Your crimson imp barely misses the phantom.
You feel better. The killer bee misses you. The killer bee stings you.
* * * LOW HITPOINT WARNING * * *
You are lethally poisoned!
The killer bee poisons you! The killer bee stings you.
* * * LOW HITPOINT WARNING * * *
The iguana misses your wolf. The killer bee stings you.
You die...

#)#####.... #))......#.
#..####.y#. ###5.####....
#....##....#. #########
###.##.##...... #.......##
#............#.
#....l..y###............#.
######..##.h.y@8..._..........§
#B......5..#..###.$...#.....#..
#.####.W#..#..# #.....##...##.#
#..####..# ......####.....
#....†...##.##.#.# ##...
###########. .#.# #... .. .. #
#... <. #...


You could see a phantom, an iguana, 2 killer bees, a friendly guardian golem
(summoned), a friendly wolf (summoned, sheltered, poisoned) and a friendly
crimson imp (summoned, sheltered).

Vanquished Creatures
  A giant cockroach (D:2)
  2 kobolds (D:1)
  4 quokkas
  A ball python (D:5)
  A bat (D:3)
  A frilled lizard (D:3)
  2 rats
12 creatures vanquished.

Vanquished Creatures (collateral kills)
  A centaur skeleton (D:8)
  Sigmund (D:2)
  An orc warrior (D:6)
  A hornet zombie (D:7)
  2 phantoms
  A sky beast (D:5)
  2 ogres
  2 centaurs
  3 bullfrogs
  3 scorpions
  2 killer bees (D:8)
  A howler monkey (D:8)
  An orc priest (D:7)
  6 hounds
  3 orc wizards
  6 worker ants
  6 gnolls
  A howler monkey skeleton (D:5)
  13 adders
  A white imp (D:5)
  An ooze (D:1)
  An adder zombie (D:7)
  4 worms
  A dart slug (D:1)
  A leopard gecko (D:5)
  14 orcs
  4 giant cockroaches
  8 goblins
  6 hobgoblins
  6 jackals
  8 kobolds
  3 quokkas
  6 bats
  3 frilled lizards
  A jackal skeleton (D:4)
  A leopard gecko skeleton (D:7)
  7 rats
132 creatures vanquished.

Vanquished Creatures (others)
  A centaur (D:7)
  A gnoll sergeant (D:8)
  An orc wizard (D:5)
  2 gnolls (D:8)
  An adder skeleton (D:8)
  5 plants (D:5)
11 creatures vanquished.

Grand Total: 155 creatures vanquished

Notes
Turn   | Place    | Note
-------+----------+-------------------------------------------
     0 | D:1      | jlumianski the Felid Summoner began the quest for the Orb.
     0 | D:1      | Reached XP level 1. HP: 7/7 MP: 4/4
   504 | D:1      | Reached XP level 2. HP: 11/11 MP: 0/6
   617 | D:1      | Learned a level 2 spell: Call Imp
  1803 | D:2      | Reached XP level 3. HP: 10/14 MP: 0/7
  2067 | D:2      | Found a glowing silver altar of Zin.
  2068 | D:2      | Noticed Sigmund
  2179 | D:2      | Found a faded altar of an unknown god.
  2823 | D:2      | Killed Sigmund
  2824 | D:2      | Reached XP level 4. HP: 18/18 MP: 3/10
  3085 | D:2      | Found a burning altar of Makhleb.
  3098 | D:2      | Became a worshipper of Makhleb the Destroyer
  3317 | D:3      | Learned a level 3 spell: Call Canine Familiar
  3358 | D:3      | Reached skill level 1 in Unarmed Combat
  3421 | D:3      | Reached XP level 5. HP: 21/21 MP: 5/11
  3476 | D:3      | Reached skill level 5 in Summonings
  4538 | D:4      | Noticed an ogre
  4547 | D:4      | Killed an ogre
  4668 | D:4      | Reached * piety under Makhleb
  5406 | D:5      | Entered Level 5 of the Dungeon
  5423 | D:5      | Gained mutation: You are covered in thick fur. (AC +2)
                  | [Felid growth]
  5423 | D:5      | Reached XP level 6. HP: 12/24 MP: 2/13
  5992 | D:5      | Killed from afar by an orc wizard
  5993 | D:5      | Reached XP level 5. HP: 0/21 MP: 13/13
  6071 | D:5      | Found Pan Maf's Book Shop.
  6694 | D:5      | Noticed a sky beast
  6727 | D:5      | Killed a sky beast
  6728 | D:5      | Reached skill level 6 in Summonings
  6728 | D:5      | Reached XP level 6. HP: 25/25 MP: 1/14
  6925 | D:5      | Reached skill level 5 in Spellcasting
  7960 | D:6      | Noticed an orc warrior
  8180 | D:6      | Killed an orc warrior
  8407 | D:6      | Learned a level 3 spell: Summon Guardian Golem
  8763 | D:7      | Noticed Duvessa
  8763 | D:7      | Noticed Dowan
  8806 | D:7      | Reached XP level 7. HP: 28/28 MP: 6/16
  9288 | D:7      | Found a staircase to the Ecumenical Temple.
  9657 | D:7      | Found Liramuy's Book Shoppe.
 10035 | D:7      | Slain by a centaur
 10036 | D:7      | Reached XP level 6. HP: 0/25 MP: 16/16
 10113 | D:7      | Reached skill level 7 in Summonings
 10555 | D:8      | Reached ** piety under Makhleb
 10661 | D:8      | Reached XP level 7. HP: 28/28 MP: 12/17
 10916 | D:8      | Found an ancient bone altar of Kikubaaqudgha.
 10936 | D:8      | Reached skill level 1 in Hexes
 10964 | D:8      | HP: 1/28 [killer bee (6)]
 10964 | D:8      | Slain by a killer bee

Illustrated notes

Levels and vault maps discovered:
D:1:      shiori_arrival_maze, layout_loops_ring, hex_tiny,
          chequers_serial_rivers_large_a
D:2:      layout_basic, zin_academy, lemuel_coloured_pillars_altar,
          chequers_ecumenical_altar_twisty, serial_corexii_hall,
          corexii_hall_statues_l, chequers_hall_statues_y, uniq_sigmund
D:3:      layout_rooms
D:4:      layout_basic
D:5:      minmay_skewed_foursquare, layout_rooms, serial_shops,
          nicolae_shop_stone, corexii_hall_statues_l, guppyfry_early_lair_pool
D:6:      layout_rooms, minmay_misc_feat_rugged, minmay_starry_boxes
D:7:      layout_cave_pods, minmay_temple_entry_stoned_glass, serial_shops,
          shop, serial_park_tiny_2, uniq_duvessa
D:8:      layout_loops_cross, minitemple, basic_altar, uniq_joseph

Skill      XL: |  1  2  3  4  5  6  7 |
---------------+----------------------+-----
Stealth        | 3 4 |  4.0
Spellcasting   | 3 4 5 6 |  6.7
Unarmed Combat | 1 |  1.2
Summonings     | 6 7 |  7.3
Dodging        | 3 |  3.8
Hexes          | 1 |  1.0
Fighting       | |  0.6

Action                   |  1- 3 |  4- 6 |  7- 9 || total
-------------------------+-------+-------+-------++-------
Melee: Unarmed           |    18 |    43 |    20 ||    81
       Bite              |       |     3 |       ||     3
 Cast: Summon Small Mamm |    90 |    83 |    14 ||   187
       Call Imp          |    17 |    80 |    24 ||   121
       Call Canine Famil |       |    45 |    11 ||    56
       Summon Guardian G |       |     4 |     9 ||    13
  Use: Scroll            |     1 |    11 |       ||    12
       Potion            |       |     4 |     3 ||     7
 Stab: Sleeping          |     5 |     3 |       ||     8
       Distracted        |       |     1 |       ||     1
Armor: Skin              |     2 |     3 |     1 ||     6
Dodge: Dodged            |    39 |    54 |    54 ||   147
